 Dungeon Crawl Stone Soup version 0.32-a0-711-g016ad743e0 (webtiles) character file.

Game seed: 5617691729347564079

35 hikkokomori the Slasher (level 3, -5/28 HPs)
             Began as a Coglin Gladiator on Mar 15, 2024.
             Slain by a black bear (6 damage)
             ... on level 2 of the Dungeon.
             The game lasted 00:02:16 (957 turns).

hikkokomori the Slasher (Coglin Gladiator)           Turns: 957, Time: 00:02:17

Health: -5/28      AC:  5    Str: 14    XL:     3   Next: 33%
Magic:  3/3        EV: 11    Int:  7    God:
Gold:   82         SH:  0    Dex: 17    Spells: 2/2 levels left

rFire   . . .        a - +0 long sword {Somchit}
rCold   . . .        f - +0 dagger {Vikramjeet}
rNeg    . . .        b - +1 leather armour
rPois   .            c - +0 helmet
rElec   .            (no cloak)
rCorr   .            (no gloves)
SInv    .            (no boots)
Will    .....        (amulet unavailable)
Stlth   +            (ring unavailable)
HPRegen 0.24/turn    (ring unavailable)
MPRegen 0.08/turn    (no gizmo)

%: no passive effects
@: revved
A: off-hand wielding, slow wielding, warmup strikes, no jewellery
a: Invent Gizmo


You were on level 2 of the Dungeon.
You visited 1 branch of the dungeon, and saw 2 of its levels.

You collected 82 gold pieces.

Inventory:

Hand Weapons
 a - a +0 long sword (weapon) {Somchit}
 f - a +0 dagger (offhand) {Vikramjeet}
Missiles
 d - 2 throwing nets (quivered)
 e - a javelin
Armour
 b - a +1 leather armour (worn)
 c - a +0 helmet (worn)
Scrolls
 g - a scroll of revelation
 l - a scroll of torment
Potions
 h - a potion of curing
 i - a potion of cancellation {unknown}


   Skills:
 + Level 2.8 Fighting
 + Level 1.5(2.4) Short Blades
 - Level 3.0(3.2) Long Blades
 - Level 2.0 Throwing
 - Level 2.6 Dodging


You had 2 spell levels left.
You didn't know any spells.
Your spell library was empty.

Dungeon Overview and Level Annotations

Branches:
Dungeon (2/15)

Altars:


Innate Abilities, Weirdness & Mutations

You can wield a second weapon in your off-hand.
It takes a long time for you to wield or remove held weapons.
Your first few attacks do less damage.
You cannot equip rings or amulets.


Message History

The black bear claws you. The black bear misses you.
You hit the black bear but do no damage.
The black bear is heavily wounded.
You hit the black bear with your +0 dagger.
The black bear bites you. The black bear misses you.
The black bear claws you but does no damage.
You hit the black bear but do no damage.
The black bear is heavily wounded.
You barely miss the black bear with your +0 dagger.
The black bear closely misses you. x2; The black bear barely misses you.
You hit the black bear with your +0 long sword.
The black bear is severely wounded.
You hit the black bear with your +0 dagger.
The black bear goes berserk!
The black bear bites you. The black bear claws you.
The black bear closely misses you.
You slash the black bear with your +0 long sword!
The black bear is almost dead.
You barely miss the black bear with your +0 dagger.
The black bear bites you!
* * * LOW HITPOINT WARNING * * *
The black bear claws you.
* * * LOW HITPOINT WARNING * * *
The black bear closely misses you.
Unknown command.
Throw: 3 throwing nets
Press: ? - help, Shift-Dir - straight line You can't see that place. [some deep water.]
You can't see that place.
Okay, then.
Unknown command.
Unknown command.
Unknown command.
Throw: 3 throwing nets
Press: ? - help, Shift-Dir - straight line, f - black bear
Aim: a black bear (almost dead, berserk, 67% to hit)
You throw a throwing net.
The throwing net barely misses the black bear.
The black bear closely misses you. The black bear claws you.
You die...

.................##........#
.................##.††.....#
..........###..............#
..........# #......[.......#
#......#### #..............#
#......# #..............#
#......######..............#
#..........................#
#......)........@..........#
................h...########
..........###.......#*
.##.......##.........#
..####....#..#..(<...#
~~≈≈≈#..###.########.#
..####..#...# *,,,,.#***
..........#** *,*,,,.,,*
#####..#### *,*,,,,,,*


You could see a black bear (berserk).

Vanquished Creatures
  2 ribbon worms (D:2)
  A ball python (D:1)
  3 endoplasms
  2 giant cockroaches (D:1)
  4 goblins
  2 hobgoblins (D:1)
  A quokka (D:1)
  8 bats
  2 frilled lizards (D:1)
  3 rats
28 creatures vanquished.

Notes
Turn   | Place    | Note
-------+----------+-------------------------------------------
     0 | D:1      | hikkokomori the Coglin Gladiator began the quest for the
                  | Orb.
     0 | D:1      | Reached XP level 1. HP: 16/16 MP: 1/1
   114 | D:1      | Reached XP level 2. HP: 11/22 MP: 2/2
   256 | D:1      | Reached skill level 1 in Short Blades
   620 | D:2      | Reached XP level 3. HP: 28/28 MP: 3/3
   947 | D:2      | Noticed a black bear
   956 | D:2      | HP: 1/28 [black bear (3)]
   957 | D:2      | Slain by a black bear

Illustrated notes

Levels and vault maps discovered:
D:1:      ebering_hopf_link, layout_rooms
D:2:      layout_basic, serial_rivers, chequers_serial_rivers_marsh,
          chequers_serial_rivers_micro_a, chequers_serial_rivers_small_3,
          chequers_serial_rivers_small_b, hangedman_decor_growths

Skill      XL: |  1  2 |
---------------+-------+-----
Throwing       | 2 |  2.0
Short Blades   | 1 |  1.5
Fighting       | |  2.8
Long Blades    | |  3.0
Dodging        | |  2.6

Action                     || total
---------------------------++-------
  Melee: Long sword        ||    68
         Dagger            ||    64
  Throw: Throwing net      ||     1
    Use: Scroll            ||     5
   Stab: Sleeping          ||     1
 Armour: Leather armour    ||    64
  Dodge: Dodged            ||    66

Table legend: (Time is in decaauts)
 A = Elapsed time spent in this place.
 B = Non-inter-level travel time spent in this place.
 C = Inter-level travel time spent in this place.
 D = Time resting spent in this place.
 E = Time spent auto-exploring this place.
 F = Levels seen in this place.
 G = Mean time per level.
                   A        B        C        D        E       F      G
               +--------+--------+--------+--------+--------+-----+--------+
         Total |    964 |    927 |     37 |      0 |    693 |   2 |  482.0 |
       Dungeon |    964 |    927 |     37 |      0 |    693 |   2 |  482.0 |
               +--------+--------+--------+--------+--------+-----+--------+

Top non-repeatable levels by time:
     D:1: 535 daAuts
     D:2: 428 daAuts
